 Dungeon Crawl Stone Soup version 0.29.0-4-gdea44cf6ec (webtiles) character file.

Game seed: 4257146072317527392

518 qw the Chopper (level 7, 0/43 HPs)
             Began as a Gargoyle Delver on Sept 10, 2022.
             Was an Initiate of Okawaru.
             Slain by an ogre
             ... wielding a +0 giant spiked club
              (26 damage)
             ... on level 5 of the Dungeon.
             The game lasted 00:01:38 (6050 turns).

qw the Chopper (Gargoyle Delver)                    Turns: 6050, Time: 00:01:38

Health: 0/43       AC: 13    Str: 17    XL:     7   Next: 21%
Magic:  7/7        EV:  7    Int: 11    God:    Okawaru [......]
Gold:   200        SH:  0    Dex: 11    Spells: 6/6 levels left

rFire   . . .      SeeInvis .   Y - +0 war axe (elec)
rCold   . . .      Faith    .   (no shield)
rNeg    + . .      Spirit   .   l - +0 chain mail
rPois   inf        Reflect  .   (no helmet)
rElec   +          Harm     .   (no cloak)
rCorr   .          Rampage  .   (no gloves)
Will    .....                   (no boots)
Stlth   ..........              (no amulet)
HPRegen 0.14/turn               (no ring)
MPRegen 0.10/turn               (no ring)

@: no status effects
A: sickness immunity, AC +4, negative energy resistance 1, electricity
resistance, torment resistance 1, petrification resistance
a: Renounce Religion


You were on level 5 of the Dungeon.
You worshipped Okawaru.
Okawaru was noncommittal.
You visited 2 branches of the dungeon, and saw 6 of its levels.

You collected 200 gold pieces.


Innate Abilities, Weirdness & Mutations

You are immune to sickness and miasma.
Your stone body is resilient. (AC +4)
You are immune to poison.
You resist negative energy. (rN+)
You are resistant to electric shocks. (rElec)
You are resistant to unholy torment.
You are immune to petrification.


   Skills:
 - Level 4.0 Fighting
 + Level 6.0 Axes
 - Level 3.2 Armour
 - Level 1.5 Dodging
 - Level 5.4 Stealth


You had 6 spell levels left.
You didn't know any spells.
Your spell library was empty.

Inventory:

Hand Weapons
 a - a +0 whip
 Y - a +0 war axe of electrocution (weapon)
Armour
 i - a +0 helmet
 l - a +0 chain mail (worn)
Jewellery
 c - a ring of protection from cold
 p - a ring of ice
Wands
 g - a wand of digging (3)
Scrolls
 b - a scroll of teleportation
 j - a scroll of enchant armour
 m - 2 scrolls of identify
Potions
 d - a potion of curing {unknown}
 e - 2 potions of heal wounds
 f - a potion of haste
 h - a potion of mutation {unknown}
 k - a potion of lignification {unknown}
 o - a potion of might {unknown}

Dungeon Overview and Level Annotations

Branches:
Dungeon (5/15)             Temple (1/1) D:5

Altars:
Cheibriados
Dithmenos
Fedhas
Gozag
Hepliaklqana
Kikubaaqudgha
Makhleb
Nemelex Xobeh
Okawaru
Qazlal
Ru
Sif Muna
Trog
Uskayaw
Vehumet
Wu Jian
Xom
Yredelemnul
Zin

Shops:
D:3 [   D:4 =


Message History

Press < or > to pray at altars.
Press < or > to pray at altars.
Press < or > to pray at altars.
Press < or > to pray at altars.
Done exploring.
Press < or > to pray at altars.
Press < or > to pray at altars.
(D) Dungeon (T) Temple
Where to? (* - list waypoints, Enter - Temple @ (x,y), ? - help)
What level of the Dungeon? (default 5, ? - help) Press < or > to pray at altars.
There is a staircase back to the Dungeon here.
You climb upwards.
Welcome back to the Dungeon!
There is a staircase to the Ecumenical Temple here.
You open the door.
There is an open door here.
You now have 189 gold pieces (gained 9).
You see here a staff of earth.
Enter note:
Enter note:
c - a ring of protection from cold
m - 2 scrolls of identify (gained 1)
A hound comes into view.
Enter note: You slash the hound!
Lightning courses through the hound!
You kill the hound!
Okawaru accepts your kill.
Your Armour skill increases to level 3!
You now have 200 gold pieces (gained 11).
i - a +0 helmet
Enter note: An ogre comes into view. It is wielding a +0 giant spiked club.
The ogre shouts!
You hit the ogre.
The ogre is lightly wounded.
The ogre hits you with a +0 giant spiked club!
You hit the ogre. Lightning courses through the ogre!
The ogre is almost dead.
The ogre hits you with a +0 giant spiked club!!
Ouch! That really hurt!
You die...

## .# ########.#
.......O.#######
#@###....##
##...###...#
#.....#.###.#
#...#...#...# .
#...#####...# #
##. #...#...#...#
.# ..#
###.#.....#.###.#
#.##...
##...###...##
#.#....
#.###.#.....#


You could see an ogre.

Vanquished Creatures
  An ogre (D:4)
  Blork the orc (D:4)
  A scorpion (D:4)
  2 hounds
  An orc priest (D:4)
  2 iguanas
  Jessica (D:3)
  An orc wizard (D:5)
  A river rat (D:3)
  2 adders
  2 dart slugs
  8 orcs
  5 bats
  5 endoplasms
  9 giant cockroaches
  5 goblins
  4 hobgoblins
  4 quokkas
  3 ball pythons
  6 frilled lizards
  9 kobolds
  6 rats
79 creatures vanquished.

Notes
Turn   | Place    | Note
-------+----------+-------------------------------------------
     0 | D:5      | qw the Gargoyle Delver began the quest for the Orb.
     0 | D:5      | Reached XP level 1. HP: 14/14 MP: 1/1
     0 | D:5      | 0 ||| qw: Version: 0.1-a-116-g5d60599
     0 | D:5      | 0 ||| qw: Game counter: 7872
     0 | D:5      | 0 ||| qw: Always use a shield: true
     0 | D:5      | 0 ||| qw: God list: Okawaru
     0 | D:5      | 0 ||| qw: Allow faded altars: false
     0 | D:5      | 0 ||| qw: Do Orc after D:15 true
     0 | D:5      | 0 ||| qw: Do second Lair branch before Depths: true
     0 | D:5      | 0 ||| qw: Lair rune preference: random
     0 | D:5      | 0 ||| qw: Plans: Normal
     0 | D:5      | 0 ||| PLANNING D:1-11
     0 | D:5      | 0 ||| DROPPING scroll of fog.
     1 | D:5      | 1 ||| DROPPING scroll of magic mapping.
     2 | D:5      | 2 ||| DROPPING scroll of fear.
    48 | D:4      | 48 ||| SWAPPING to +0 war axe.
    51 | D:4      | Reached skill level 2 in Axes
    51 | D:4      | 51 ||| DROPPING +0 hand axe.
    98 | D:4      | Reached XP level 2. HP: 17/19 MP: 2/2
   437 | D:4      | Reached skill level 3 in Axes
   447 | D:4      | Reached XP level 3. HP: 23/23 MP: 3/3
   521 | D:4      | 521 ||| Stepping ~*~*~tactically~*~*~ (hiding).
   623 | D:4      | 623 ||| Stepping ~*~*~tactically~*~*~ (hiding).
   725 | D:4      | 725 ||| Stepping ~*~*~tactically~*~*~ (hiding).
   827 | D:4      | 827 ||| Stepping ~*~*~tactically~*~*~ (hiding).
   929 | D:4      | 929 ||| Stepping ~*~*~tactically~*~*~ (hiding).
  1031 | D:4      | 1031 ||| Stepping ~*~*~tactically~*~*~ (hiding).
  1133 | D:4      | 1133 ||| Stepping ~*~*~tactically~*~*~ (hiding).
  1235 | D:4      | 1235 ||| Stepping ~*~*~tactically~*~*~ (hiding).
  1337 | D:4      | 1337 ||| Stepping ~*~*~tactically~*~*~ (hiding).
  1439 | D:4      | 1439 ||| Stepping ~*~*~tactically~*~*~ (hiding).
  1541 | D:4      | 1541 ||| Stepping ~*~*~tactically~*~*~ (hiding).
  1777 | D:4      | 1777 ||| UPGRADING to +0 ring mail.
  1787 | D:4      | 1787 ||| DROPPING +0 leather armour.
  1788 | D:4      | 1788 ||| READING scroll labelled FIPPIT FIOSM.
  1795 | D:3      | 1795 ||| PLANNING SEWER
  1919 | D:3      | Found Peublist's Antique Armour Boutique.
  1922 | D:3      | 1922 ||| SHOPLISTING glowing leather armour (95 gold, have
                  | 56).
  1922 | D:3      | 1922 ||| SHOPLISTING jewelled cloak (180 gold, have 56).
  1922 | D:3      | 1922 ||| SHOPLISTING runed plate armour (494 gold, have
                  | 56).
  1922 | D:3      | 1922 ||| SHOPLISTING scale mail (76 gold, have 56).
  1922 | D:3      | 1922 ||| SHOPLISTING shiny buckler (142 gold, have 56).
  1969 | D:3      | Reached XP level 4. HP: 28/28 MP: 4/4
  2044 | D:3      | Reached skill level 4 in Axes
  2210 | D:3      | Identified the +12 spear of Boop {vorpal, rF+ Str+5}
  2368 | D:3      | Reached skill level 1 in Armour
  2403 | D:3      | 2403 ||| RIP SEWER
  2414 | D:3      | 2414 ||| PLANNING D:1-11
  2424 | D:3      | 2424 ||| READING scroll labelled FUPRUR WOCWU.
  2428 | D:3      | 2428 ||| READING 2 scrolls labelled HEREIH TILETA.
  2429 | D:3      | 2429 ||| DRINKING 2 brown potions.
  2875 | D:1      | Reached XP level 5. HP: 26/32 MP: 5/5
  3253 | D:1      | Found a faded altar of an unknown god.
  3605 | D:1      | 3605 ||| UPGRADING to +0 chain mail.
  3615 | D:1      | 3615 ||| DROPPING +0 ring mail.
  3616 | D:1      | 3616 ||| READING scroll labelled BOEGHU ARYPHU.
  4126 | D:2      | 4126 ||| Stepping ~*~*~tactically~*~*~ (stealth).
  4127 | D:2      | 4127 ||| Stepping ~*~*~tactically~*~*~ (stealth).
  4252 | D:2      | 4252 ||| DROPPING ring of magical power.
  4253 | D:2      | 4253 ||| READING 2 scrolls labelled HARUIPTATO.
  4254 | D:2      | 4254 ||| READING scroll labelled YSAUB MEUHIRO.
  4255 | D:2      | 4255 ||| DRINKING 2 fuming pink potions.
  4256 | D:2      | 4256 ||| DROPPING potion of brilliance.
  4433 | D:3      | Noticed Jessica
  4434 | D:3      | 4434 ||| Stepping ~*~*~tactically~*~*~ (hiding).
  4446 | D:3      | Killed Jessica
  4683 | D:4      | Noticed an ogre
  4688 | D:4      | Killed an ogre
  4689 | D:4      | Reached skill level 5 in Axes
  4689 | D:4      | Reached XP level 6. HP: 16/37 MP: 6/6
  4979 | D:4      | Found Teinwad's Jewellery Shop.
  4980 | D:4      | Noticed Blork the orc
  4982 | D:4      | 4982 ||| Stepping ~*~*~tactically~*~*~ (hiding).
  4993 | D:4      | Killed Blork the orc
  5197 | D:4      | 5197 ||| SHOPLISTING +4 ring of evasion (396 gold, have
                  | 168).
  5197 | D:4      | 5197 ||| SHOPLISTING ring of fire (275 gold, have 168).
  5197 | D:4      | 5197 ||| SHOPLISTING ring of positive energy (220 gold,
                  | have 168).
  5197 | D:4      | 5197 ||| SHOPLISTING ring of protection from cold (275
                  | gold, have 168).
  5394 | D:4      | 5394 ||| DRINKING 2 bubbling grey potions.
  5495 | D:4      | 5495 ||| READING 2 scrolls of identify.
  5495 | D:4      | 5495 ||| IDENTIFYING fizzy emerald potion
  5496 | D:4      | 5496 ||| DROPPING potion of attraction.
  5497 | D:4      | 5497 ||| DROPPING potion of ambrosia.
  5533 | D:5      | 5533 ||| STAIRDANCE
  5584 | D:5      | 5584 ||| STAIRDANCE
  5597 | D:4      | Reached skill level 6 in Axes
  5597 | D:4      | Reached XP level 7. HP: 28/43 MP: 7/7
  5749 | D:5      | Found a staircase to the Ecumenical Temple.
  5750 | D:5      | 5750 ||| PLANNING TEMPLE
  5754 | Temple   | Entered the Ecumenical Temple
  5923 | Temple   | 5923 ||| PLANNING D:1-11
  5930 | Temple   | Became a worshipper of Warmaster Okawaru
  6026 | D:5      | Reached skill level 3 in Armour
  6050 | D:5      | Slain by an ogre

Levels and vault maps discovered:
D:1:      scummos_arrival_star, layout_loops_corners,
          shapermc_ecumenical_altar_mp_vishouse,
          nicolae_kite_square_tiling_tiny, minmay_worlds_worst_comb
D:2:      minmay_alternating_diamond, layout_basic
D:3:      layout_basic, gup_sewer_entry_bowl, serial_shops,
          nicolae_shop_behind_doors, kennysheep_generic_room_7, uniq_jessica
D:4:      layout_basic, serial_shops, nicolae_shop_competitors_out_of_business,
          uniq_blork_the_orc
D:5:      nicolae_cairo_tiling, layout_rooms, temple_doors_cd,
          nicolae_shop_fire_sale [nicolae_sub_dead_trees], grunt_ministairs_7,
          pf_guarded_unrand_delatra, uniq_menkaure
Temple:   nicolae_temple_bog_church

Skill      XL: |  1  2  3  4  5  6  7 |
---------------+----------------------+-----
Axes           | 2 3 4 5 6 |  6.0
Armour         | 1 2 3 |  3.2
Fighting       | 4 |  4.0
Dodging        | |  1.5
Stealth        | |  5.4

Action                   |  1- 3 |  4- 6 |  7- 9 || total
-------------------------+-------+-------+-------++-------
Melee: War axe           |    37 |   155 |     9 ||   201
       Hand axe          |     1 |       |       ||     1
       Punch             |     1 |     1 |       ||     2
  Use: Scroll            |     1 |     6 |       ||     7
       Potion            |       |     3 |       ||     3
 Stab: Sleeping          |       |     3 |       ||     3
Armor: Leather armour    |     9 |       |       ||     9
       Ring mail         |     3 |    40 |       ||    43
       Chain mail        |       |    61 |    11 ||    72
Dodge: Dodged            |    24 |    57 |     7 ||    88

Table legend:
 A = Non-vault XP
 B = Vault XP
 C = Vault XP percentage of total XP
 D = Non-vault monster count
 E = Vault monster count
 F = Vault count percentage of total count
                 A         B        C        D         E       F
            +---------+---------+-------+---------+---------+-------
      Total |     579 |     162 |  21.9 |      64 |      15 |  19.0
            +---------+---------+-------+---------+---------+-------
        D:1 |      22 |      10 |  31.2 |      14 |       5 |  26.3
        D:2 |      24 |       6 |  20.0 |       8 |       3 |  27.3
        D:3 |      65 |      56 |  46.3 |      15 |       6 |  28.6
        D:4 |     379 |      90 |  19.2 |      21 |       1 |   4.5
        D:5 |      89 |       0 |   0.0 |       6 |       0 |   0.0
            +---------+---------+-------+---------+---------+-------
